 Dungeon Crawl Stone Soup version 0.28-a0-1002-gf00fe891ef (webtiles) character file.

Game seed: 112946276361191871

235 enile the Ducker (level 5, -2/24 HPs)
             Began as a Felid Conjurer on Dec 6, 2021.
             Was a Believer of Okawaru.
             Killed by an exploding fulminant prism (26 damage)
             ... on level 5 of the Dungeon.
             The game lasted 00:19:36 (6287 turns).

enile the Ducker (Felid Conjurer)                   Turns: 6287, Time: 00:19:37

Health: -2/24      AC:  6    Str:  3    XL:     5   Next: 76%
Magic:  15/19      EV: 19    Int: 23    God:    Okawaru [**....]
Gold:   294        SH:  0    Dex: 15    Spells: 0/10 levels left
                                        Lives:  0   Deaths: 2

rFire   . . .      SeeInvis +     - Unarmed
rCold   . . .      Faith    .   (shield unavailable)
rNeg    . . .      Spirit   .   (armour unavailable)
rPois   .          Reflect  .   (helmet unavailable)
rElec   .          Harm     .   (cloak unavailable)
rCorr   .          Rampage  .   (gloves unavailable)
Will    .....                   (boots unavailable)
Stlth   +++.......              (no amulet)
HPRegen 0.08/turn               c - ring of magical power
MPRegen 0.16/turn               h - +4 ring of protection

@: quick
A: very small, claws 1, fangs 3, see invisible, speed 1, shaggy fur 2, stealthy
paws, no weapons or thrown items, no armour, multi-lived, clever 1, noise
suppression
a: Renounce Religion, Heroism


You were on level 5 of the Dungeon.
You worshipped Okawaru.
Okawaru was pleased with you.
You visited 1 branch of the dungeon, and saw 5 of its levels.

You collected 294 gold pieces.

Inventory:

Missiles
 d - a throwing net
Jewellery
 c - a ring of magical power (left paw)
 h - a +4 ring of protection (right paw)
Scrolls
 e - a scroll of blinking {unknown}
 f - a scroll of immolation {unknown}
 j - a scroll of teleportation
 k - a scroll of silence
 l - a scroll of noise {unknown}
 n - 4 scrolls of identify
Potions
 a - a potion of curing
 i - a potion of ambrosia {unknown}
 m - a potion of lignification {unknown}
 o - a potion of brilliance {unknown}


   Skills:
 - Level 3.0 Fighting
 + Level 5.9 Dodging
 - Level 5.0 Stealth
 - Level 2.0 Unarmed Combat
 - Level 3.0 Spellcasting
 - Level 5.0 Conjurations
 - Level 4.0 Hexes
 - Level 2.0 Invocations


You couldn't memorise any spells.
You knew the following spells:

 Your Spells              Type           Power      Damage    Failure   Level
a - Magic Dart            Conj           100%       1d8       1%          1
b - Searing Ray           Conj           52%        2d6       2%          2
c - Dazzling Flash        Conj/Hex       48%        N/A       5%          3
d - Fulminant Prism       Conj/Hex       12%        3d9       19%         4

Your spell library contained the following spells:

 Spells                   Type           Power      Damage    Failure   Level
 Shock                    Conj/Air       56%        1d6       4%          1
 Iskenderun's Mystic Bla  Conj/Tloc      14%        2d5       38%         4
 Blade Hands              Tmut           1%         N/A       97%         5
 Portal Projectile        Hex/Tloc       Unusable   N/A       N/A         3
 Excruciating Wounds      Necr           Unusable   N/A       N/A         5

Dungeon Overview and Level Annotations

Branches:
Dungeon (5/15)
 Temple: D:4-7

Altars:
Kikubaaqudgha
Makhleb
Okawaru
Sif Muna

Annotations:
D:4 exclusions: phantom and 2 more exclusions
D:5 Eustachio, Ijyb


Innate Abilities, Weirdness & Mutations

You have sharp claws.
You have razor-sharp teeth.
You have supernaturally acute eyesight. (SInv)
You cover ground quickly. (Speed+)
You are covered in thick fur. (AC +2)
Your paws help you pounce on unaware monsters.
You are incapable of wielding weapons or throwing items.
You cannot wear armour.
You gain extra lives every three experience levels.
Your mind is acute. (Int +2)
You passively dampen the noise of your surroundings.


Message History

Okay, then.
It was a potion of mutation.
You feel extremely strange.
You feel your surroundings grow quieter.
You feel clever.
The centaur shoots an arrow.
The arrow hits you but does no damage.
Your fulminant prism crackles loudly.
The centaur shoots an arrow.
The arrow hits you but does no damage.
As you read the scroll labelled RUFFITUTWO, it crumbles to dust.
It is a scroll of enchant armour.
You aren't carrying any armour which can be enchanted further.
The centaur shoots an arrow.
The arrow completely misses you.
Your fulminant prism explodes!
The blast of energy engulfs the centaur!
The centaur is severely wounded.
The blast of energy engulfs you!
You die...
The centaur shoots an arrow.
The arrow hits you!
You are now level 5!
You rejoin the land of the living...
Found a bardiche.
You see here a +0 bardiche.
You now have 294 gold pieces (gained 11).
Eustachio the Magnificent comes into view.
He is wielding a +0 rapier.
Eustachio is nearby!
Casting: Fulminant Prism (potentially lethal; 19% risk of failure)
Confirm with . or Enter, or press ? or * to list all spells.
Okay, then.
Eustachio shouts!
Casting: Fulminant Prism (potentially lethal; 19% risk of failure)
Confirm with . or Enter, or press ? or * to list all spells.
Aiming: Fulminant Prism (potentially lethal; 19% risk of failure)
Press: ? - help, Dir - move target You conjure a prism of explosive energy!
A fulminant prism comes into view.
Your fulminant prism crackles loudly.
Eustachio hits your fulminant prism with a +0 rapier.
You hear an explosion!
The blast of energy engulfs you!!
Ouch! That really hurt!
You die...

#.#.#####.###..##.##.##### #.
#.......#................# #.
###.###.#####..#########.# #.
###..................# #.# #.
..........###..#####.# #.# #.
#...###........# ##.###.# #.
#.........###.#####...##.##### #.
#.............##....#........# #.
##.#############@##...##.###.###.
#.# #######.###.....#.....#. #.#
#...@*..# #..####.###.#. #.#
#.####### #..# #.#.#... #.# #..#
#..#..## #.# #..# #.###..† #.##
#..# #..#.### #..# #.....# ##.#
#>....#


There were no monsters in sight!

Vanquished Creatures
  Grinder (D:3)
  Sigmund (D:3)
  A water moccasin (D:5)
  A phantom (D:4)
  2 scorpions
  An iguana (D:5)
  An orc wizard (D:5)
  A howler monkey zombie (D:5)
  4 adders
  3 gnolls (D:5)
  A worm (D:4)
  3 orcs (D:5)
  8 ball pythons
  5 bats
  13 endoplasms
  5 giant cockroaches
  13 goblins
  7 hobgoblins
  4 quokkas
  3 frilled lizards
  5 kobolds
  7 rats
90 creatures vanquished.

Vanquished Creatures (others)
  19 fulminant prisms
19 creatures vanquished.

Grand Total: 109 creatures vanquished

Notes
Turn   | Place    | Note
-------+----------+-------------------------------------------
     0 | D:1      | enile the Felid Conjurer began the quest for the Orb.
     0 | D:1      | Reached XP level 1. HP: 7/7 MP: 4/4
   249 | D:1      | Reached XP level 2. HP: 11/11 MP: 3/6
   481 | D:1      | Reached skill level 1 in Fighting
   813 | D:1      | Reached skill level 1 in Unarmed Combat
  1000 | D:1      | Found a faded altar of an unknown god.
  1008 | D:1      | Got Plato's Disquisition on Weightlessness
  1010 | D:1      | Prayed at the altar of an unknown god.
  1010 | D:1      | Became a worshipper of Warmaster Okawaru
  1010 | D:1      | Reached * piety under Okawaru
  1341 | D:2      | Reached XP level 3. HP: 15/15 MP: 7/7
  1344 | D:2      | Learned a level 2 spell: Searing Ray
  1507 | D:2      | You fall into a shaft and drop 2 floors!
  1644 | D:4      | Noticed a phantom
  1823 | D:3      | Reached XP level 4. HP: 19/19 MP: 8/8
  2226 | D:3      | Noticed Sigmund
  2231 | D:3      | Killed Sigmund
  2231 | D:3      | Reached ** piety under Okawaru
  2232 | D:3      | Reached skill level 5 in Dodging
  2232 | D:3      | Reached XP level 5. HP: 22/22 MP: 7/10
  2326 | D:3      | Noticed Grinder
  2377 | D:3      | Learned a level 3 spell: Dazzling Flash
  2537 | D:3      | Paralysed by Grinder for 2 turns
  2546 | D:3      | Killed Grinder
  2547 | D:3      | Reached skill level 5 in Conjurations
  2547 | D:3      | Gained mutation: You are covered in thick fur. (AC +2)
                  | [Felid growth]
  2547 | D:3      | Reached XP level 6. HP: 11/27 MP: 0/11
  2763 | D:3      | Found a shimmering blue altar of Sif Muna.
  2820 | D:3      | Reached skill level 1 in Hexes
  2957 | D:3      | Learned a level 4 spell: Fulminant Prism
  3903 | D:4      | Reached XP level 7. HP: 31/31 MP: 12/12
  3944 | D:4      | Found an ancient bone altar of Kikubaaqudgha.
  4355 | D:4      | Found a burning altar of Makhleb.
  4529 | D:5      | Entered Level 5 of the Dungeon
  4740 | D:5      | Reached skill level 1 in Invocations
  5044 | D:5      | Reached skill level 5 in Stealth
  5310 | D:5      | Noticed Ijyb
  5332 | D:5      | Killed from afar by Ijyb
  5333 | D:5      | Reached XP level 6. HP: -1/28 MP: 14/20
  6160 | D:5      | Gained mutation: You passively dampen the noise of your
                  | surroundings. [potion of mutation]
  6160 | D:5      | Gained mutation: Your mind is acute. (Int +2) [potion of
                  | mutation]
  6161 | D:5      | Killed by an exploding fulminant prism
  6162 | D:5      | Reached XP level 5. HP: -10/24 MP: 2/19
  6282 | D:5      | Noticed Eustachio
  6287 | D:5      | Killed by an exploding fulminant prism

Illustrated notes

Levels and vault maps discovered:
D:1:      amcnicky_arrival_gap_in_the_tavern_cellar, layout_loops_corners,
          shapermc_ecumenical_altar_rom_forum
D:2:      minmay_chambers_of_twos, layout_basic, minmay_misc_feat_rugged,
          chequers_serial_rivers_small_b, corexii_item_surrounded_by_moat
D:3:      layout_basic, mainiacjoe_overflow_alcove_1, minmay_misc_feat_iff,
          uniq_sigmund, uniq_grinder
D:4:      layout_rooms, mainiacjoe_overflow_cross_hatched, lemuel_round_altar,
          minmay_tree_intersection, st_stairs_13
D:5:      layout_loops_ring, uniq_ijyb, uniq_eustachio

Skill      XL: |  1  2  3  4  5  6  7 |
---------------+----------------------+-----
Stealth        | 3 4 5 |  5.0
Conjurations   | 4 5 |  5.0
Fighting       | 1 2 3 |  3.0
Unarmed Combat | 1 2 |  2.0
Dodging        | 3 4 5 |  5.9
Spellcasting   | 3 |  3.0
Hexes          | 2 4 |  4.0
Invocations    | 2 |  2.0

Action                   |  1- 3 |  4- 6 |  7- 9 || total
-------------------------+-------+-------+-------++-------
Melee: Unarmed           |    26 |    40 |    16 ||    82
       Bite              |     1 |     1 |     1 ||     3
 Cast: Magic Dart        |    67 |    25 |    22 ||   114
       Searing Ray       |    12 |    39 |    27 ||    78
       Dazzling Flash    |       |     3 |     2 ||     5
       Fulminant Prism   |       |     6 |    13 ||    19
  Use: Scroll            |       |     3 |     3 ||     6
       Potion            |       |     1 |     2 ||     3
 Stab: Sleeping          |     1 |     5 |       ||     6
Armor: Skin              |     1 |     5 |     2 ||     8
Dodge: Dodged            |    18 |    44 |    34 ||    96

Table legend: (Time is in decaauts)
 A = Elapsed time spent in this place.
 B = Non-inter-level travel time spent in this place.
 C = Inter-level travel time spent in this place.
 D = Time resting spent in this place.
 E = Time spent auto-exploring this place.
 F = Levels seen in this place.
 G = Mean time per level.
                   A        B        C        D        E       F      G
               +--------+--------+--------+--------+--------+-----+--------+
         Total |   5666 |   5500 |    166 |    496 |   4169 |   5 | 1133.2 |
       Dungeon |   5666 |   5500 |    166 |    496 |   4169 |   5 | 1133.2 |
               +--------+--------+--------+--------+--------+-----+--------+

Top non-repeatable levels by time:
     D:4: 1331 daAuts
     D:3: 1257 daAuts
     D:5: 1099 daAuts
     D:1: 1078 daAuts
     D:2: 900 daAuts
